 Dungeon Crawl Stone Soup version 0.20.1-1-g8b1a95d (webtiles) character file.

263 renl the Insei (level 5, 0/41 HPs)
             Began as a Draconian Transmuter on July 16, 2017.
             Was a Believer of Cheibriados.
             Slain by Gonk's ghost (5 damage)
             ... on level 4 of the Dungeon.
             The game lasted 00:19:49 (2728 turns).

renl the Insei (Draconian Transmuter)               Turns: 2728, Time: 00:19:50

Health: 0/41       AC:  8    Str: 16    XL:     5   Next: 98%
Magic:  0/8        EV: 12    Int: 17    God:    Cheibriados [**....]
Gold:   185        SH:  0    Dex: 17    Spells: 2/8 levels left

rFire    + . .     SeeInvis .     - Unarmed
rCold    x . .     Gourm    .   (no shield)
rNeg     . . .     Faith    .   (armour unavailable)
rPois    .         Spirit   +   (helmet restricted)
rElec    .         Reflect  .   (no cloak)
rCorr    .         Harm     .   (no gloves)
MR       .....                  x - +2 pair of boots
Stlth    ++........             q - amulet of guardian spirit
Regen    0.2/turn               (no ring)
MPRegen  0.2/turn               l - ring of fire

@: very slow
A: unfitting armour, cold-blooded, AC +5
a: Bend Time, Renounce Religion


You were on level 4 of the Dungeon.
You worshipped Cheibriados.
Cheibriados was pleased with you.
You were not hungry.

You visited 1 branch of the dungeon, and saw 4 of its levels.

You collected 185 gold pieces.

Inventory:

Missiles
 a - 68 arrows
 e - 47 bolts
Armour
 x - a +2 pair of boots (worn)
Jewellery
 l - a ring of fire (right hand)
 q - an amulet of guardian spirit (around neck)
Wands
 w - a wand of flame (11/48)
Scrolls
 h - 2 scrolls of enchant armour {unknown}
 i - 4 scrolls of fog
 j - 3 scrolls of remove curse
 k - a scroll of teleportation {unknown}
 p - a scroll of random uselessness {unknown}
 r - a scroll of recharging {unknown}
Potions
 d - a potion of cancellation
 n - 3 potions of curing
 o - a potion of flight
 s - a potion of lignification
 u - a potion of ambrosia
Books
 b - a book of Changes

   Spells                             Type                      Level
   a - Beastly Appendage              Transmutation                1
   b - Sticks to Snakes               Transmutation                2
   c - Spider Form                    Transmutation/Poison         3
   d - Ice Form                       Ice/Transmutation            4
   e - Blade Hands                    Transmutation                5
 t - a book of Cantrips

   Spells                             Type                      Level
   a - Confusing Touch                Hexes                        1
   b - Animate Skeleton               Necromancy                   1
   c - Summon Small Mammal            Summoning                    1
   d - Apportation                    Translocation                1
 v - a book of Misfortune

   Spells                             Type                      Level
   a - Confusing Touch                Hexes                        1
   b - Confuse                        Hexes                        3
   c - Gell's Gravitas                Translocation                3
   d - Petrify                        Transmutation/Earth          4
   e - Metabolic Englaciation         Hexes/Ice                    5
   f - Yara's Violent Unravelling     Hexes/Transmutation          5
Comestibles
 c - 6 bread rations
 f - 4 fruits
 m - 2 meat rations


   Skills:
 + Level 1.8 Fighting
 - Level 1.7 Dodging
 * Level 5.9 Unarmed Combat
 - Level 2.0 Spellcasting
 * Level 3.3 Transmutations
 + Level 0.4 Evocations


You had 2 spell levels left.
You knew the following spells:

 Your Spells              Type           Power        Failure   Level  Hunger
a - Beastly Appendage     Tmut           ##....       4%          1    #......
b - Sticks to Snakes      Tmut           ##......     8%          2    ###....
c - Spider Form           Tmut/Pois      #.........   30%         3    ###....


Dungeon Overview and Level Annotations

Branches:
Dungeon (4/15)
 Temple: D:4-7

Altars:
Cheibriados
Elyvilon
Okawaru
Trog

Annotations:
D:4 Gonk's ghost, novice HOFi


Innate Abilities, Weirdness & Mutations

Your plain brown scales are hard. (AC +5)
You cannot fit into any form of body armour.
You are cold-blooded and may be slowed by cold attacks.


Message History

Gonk's ghost closely misses you. Gonk's ghost hits you!
* * * LOW HITPOINT WARNING * * *
Okay, then.
Okay, then.
The adder hisses angrily.
Gonk's ghost hits you but does no damage.
The adder barely misses you. The adder bites you.
* * * LOW HITPOINT WARNING * * *
The adder bites you but does no damage. Gonk's ghost hits you.
* * * LOW HITPOINT WARNING * * *
The adder barely misses you. The adder barely misses you.
The adder barely misses you. Gonk's ghost misses you.
The adder bites you but does no damage.
Your magical contamination has completely faded away.
The adder barely misses you. Gonk's ghost misses you.
The adder bites you but does no damage. The adder misses you.
Gonk's ghost hits you.
You die...

########### #...
#.........# .#.....
#...<.....# .......
#...@.....# #.....
#...SW....# #.....
#.........#
#....§###..†......#
#8§..#.........# ..
#!#.............## ...
#8..............# ..
....§...............# .
.........$.###.####....


You could see Gonk's ghost and an adder.

Vanquished Creatures
  A scorpion (D:4)
  A howler monkey (D:4)
  A worker ant (D:4)
  An orc wizard (D:4)
  3 adders
  3 oozes
  3 worms
  A dart slug (D:2)
  2 leopard geckos
  11 orcs
  2 giant cockroaches
  7 goblins
  5 hobgoblins
  2 jackals (D:3)
  2 quokkas (D:3)
  10 bats
  3 frilled lizards
  6 kobolds
  2 rats (D:1)
66 creatures vanquished.

Notes
Turn   | Place    | Note
-------+----------+-------------------------------------------
     0 | D:1      | renl the Draconian Transmuter began the quest for the Orb.
     0 | D:1      | Reached XP level 1. HP: 16/16 MP: 3/3
   361 | D:1      | Reached XP level 2. HP: 18/23 MP: 5/5
   478 | D:1      | Learned a level 2 spell: Sticks to Snakes
   690 | D:2      | Found a snail-covered altar of Cheibriados.
   690 | D:2      | Found an iron altar of Okawaru.
   720 | D:2      | Became a worshipper of Cheibriados the Contemplative
   757 | D:2      | Reached skill level 4 in Unarmed Combat
   757 | D:2      | Reached XP level 3. HP: 15/28 MP: 1/6
  1073 | D:2      | Learned a level 3 spell: Spider Form
  1336 | D:3      | Reached * piety under Cheibriados
  1565 | D:3      | Reached XP level 4. HP: 35/35 MP: 7/7
  1630 | D:3      | Found a bloodstained altar of Trog.
  1630 | D:3      | Found a white marble altar of Elyvilon.
  2040 | D:4      | Noticed Gonk's ghost (novice HOFi)
  2420 | D:4      | Reached skill level 5 in Unarmed Combat
  2452 | D:4      | Reached ** piety under Cheibriados
  2484 | D:4      | Reached XP level 5. HP: 22/41 MP: 3/8
  2728 | D:4      | Slain by Gonk's ghost

Skill      XL: |  1  2  3  4 |
---------------+-------------+-----
Unarmed Combat | 4 5 |  5.9
Transmutations | 3 |  3.3
Fighting       | |  1.8
Dodging        | |  1.7
Spellcasting   | |  2.0
Evocations     | |  0.4

Action                   |  1- 3 |  4- 6 || total
-------------------------+-------+-------++-------
Melee: Unarmed           |   148 |    87 ||   235
       Tailslap          |    11 |    16 ||    27
       Punch             |     3 |     2 ||     5
       Headbutt          |     3 |     9 ||    12
 Cast: Beastly Appendage |     5 |     7 ||    12
       Sticks to Snakes  |     2 |       ||     2
       Spider Form       |     1 |     3 ||     4
Evoke: Wand              |       |     5 ||     5
  Use: Scroll            |       |     8 ||     8
 Stab: Sleeping          |     1 |     1 ||     2
  Eat: Chunk             |     3 |     2 ||     5
Armor: Skin              |    48 |    26 ||    74
Dodge: Dodged            |   112 |    90 ||   202
